 Dungeon Crawl Stone Soup version 0.32-a0-913-g739538afd8 (webtiles) character file.

Game seed: 8975333356558354637

641 dialectric the Ruffian (level 7, -5/67 HPs)
             Began as a Troll Shapeshifter on Apr 8, 2024.
             Was an Initiate of Qazlal.
             Slain by an ogre
             ... wielding a +0 giant club
              (24 damage)
             ... on level 5 of the Dungeon.
             The game lasted 00:03:20 (3474 turns).

dialectric the Ruffian (Troll Shapeshifter)         Turns: 3474, Time: 00:03:21

Health: -5/67      AC:  4    Str: 25    XL:     7   Next: 26%
Magic:  6/6        EV:  9    Int:  6    God:    Qazlal [......]
Gold:   296        SH:  0    Dex:  9    Spells: 6/6 levels left

rFire   . . .        j - +7 Throatcutter {drain, coup de grace}
rCold   . . .        (no shield)
rNeg    . . .        a - +0 animal skin
rPois   .            (helmet currently unavailable)
rElec   .            (cloak currently unavailable)
rCorr   .            (gloves unavailable)
SInv    +            (boots unavailable)
Will    .....        f - amulet of regeneration
Stlth   +            l - ring of see invisible
HPRegen 1.91/turn    (no ring)
MPRegen 0.10/turn

%: no passive effects
@: beast-form
A: beast (slay +2), large, unfitting armour, claws 3, regeneration 1, shaggy fur
1, tough skin 1
a: Begin Untransformation, Renounce Religion


You were on level 5 of the Dungeon.
You worshipped Qazlal.
Qazlal was noncommittal.
You were a hulking beast.
You visited 1 branch of the dungeon, and saw 5 of its levels.

You collected 296 gold pieces.

Inventory:

Hand Weapons
 i - a +0 flail
 j - the +7 Throatcutter (weapon) {drain, coup de grace}
   (You took it off Terence on level 2 of the Dungeon)
 p - a +0 scimitar
Armour
 a - a +0 animal skin (worn)
 k - a +0 cloak
Jewellery
 f - an amulet of regeneration (around neck)
 l - a ring of see invisible (left claw)
Talismans
 c - a beast talisman (active)
 d - a flux talisman
 u - a serpent talisman
Wands
 o - a wand of flame (4)
Scrolls
 g - a scroll of blinking {unknown}
 h - a scroll of enchant armour {unknown}
 n - a scroll of identify {unknown}
 r - a scroll of immolation {unknown}
 t - a scroll of teleportation {unknown}
 v - 2 scrolls of amnesia {unknown}
 w - a scroll of fog {unknown}
Potions
 b - 2 potions of lignification
 e - 2 potions of curing {unknown}
 m - a potion of heal wounds {unknown}
 q - a potion of invisibility {unknown}
 s - a potion of ambrosia {unknown}
 x - a potion of degeneration {unknown}


   Skills:
 + Level 3.0 Fighting
 + Level 2.2 Long Blades
 + Level 3.3 Dodging
 - Level 4.6 Unarmed Combat
 + Level 4.4 Shapeshifting


You had 6 spell levels left.
You didn't know any spells.
Your spell library was empty.

Dungeon Overview and Level Annotations

Branches:
Dungeon (5/15)
 Temple: D:4-7

Altars:
Qazlal
Ru

Annotations:
D:1 2 transporters


Innate Abilities, Weirdness & Mutations

You are a hulking beast.
Your limbs bulge with bestial killing power. (Slay +2)
You are too large for most types of armour.
You have claws for hands.
Your natural rate of healing is unusually fast.
You are covered in fur. (AC +1)
You have tough skin. (AC +1)


Message History

No target in view!
No target in view!
No target in view!
HP restored.
You see here a black bear corpse.
An ogre and an ice beast come into view.
The ogre shouts!
Found 6 gold pieces.
There are monsters nearby!
There are monsters nearby!
There are monsters nearby!
A jelly comes into view.
Found a scroll labelled JAOTEG PATAC.
The jelly quivers.
The ogre hits you with a +0 giant club! The ice beast barely misses you.
There are monsters nearby!
You hit the ice beast. You drain the ice beast.
The ice beast is moderately wounded.
The ice beast hits you but does no damage.
Unknown command.
The ogre attacks as it pursues you! The ogre hits you with a +0 giant club!
The ice beast attacks as it pursues you!
The ice beast hits you but does no damage.
The ice beast attacks as it pursues you!
The ice beast hits you. The ice beast freezes you.
You hit the ogre. You drain the ogre.
The ogre is heavily wounded.
The ogre hits you with a +0 giant club!!
You are too injured to fight recklessly!
You completely miss the ogre.
The ogre is heavily wounded.
The ogre hits you with a +0 giant club!
* * * LOW HITPOINT WARNING * * *
You barely miss the ogre.
The ogre is heavily wounded.
The ogre barely misses you.
You barely miss the ogre.
The ogre is heavily wounded.
The ogre hits you with a +0 giant club!!
You die...

.........# ##..#
..$......# ##..##
?........## ##...#
..........## #..#.#
........#..# ####.##.#
#..........#####.†..##.#
#................#####.#
#.......JO###.......##.#
#...######h....####.##.#
... #.##### .#.# #. #..#
# # #.## #. .. ..# .#


You could see an ogre (drained) and a jelly.

Vanquished Creatures
  An ice beast (D:3)
  A black bear (D:5)
  An orc priest (D:3)
  2 hounds (D:4)
  2 jellies (D:4)
  Terence (D:2)
  2 orc wizards (D:3)
  6 gnolls
  2 adders
  3 dart slugs
  10 orcs
  2 bats
  6 endoplasms
  5 giant cockroaches
  33 goblins
  27 hobgoblins
  4 jackals (D:1)
  3 quokkas
  8 ball pythons
  3 frilled lizards (D:2)
  9 kobolds
  3 rats (D:3)
134 creatures vanquished.

Notes
Turn   | Place    | Note
-------+----------+-------------------------------------------
     0 | D:1      | dialectric the Troll Shapeshifter began the quest for the
                  | Orb.
     0 | D:1      | Reached XP level 1. HP: 18/18 MP: 0/0
    98 | D:1      | Reached skill level 1 in Fighting
   174 | D:1      | Reached XP level 2. HP: 27/27 MP: 1/1
   493 | D:1      | Reached XP level 3. HP: 33/33 MP: 2/2
   504 | D:2      | Noticed Terence
   513 | D:2      | Killed Terence
   606 | D:2      | Found a faded altar of an unknown god.
  1081 | D:2      | Reached XP level 4. HP: 41/41 MP: 3/3
  1891 | D:3      | Reached XP level 5. HP: 49/49 MP: 4/4
  1926 | D:3      | Reached skill level 1 in Long Blades
  2042 | D:3      | Noticed an ice beast
  2043 | D:3      | Killed an ice beast
  2046 | D:3      | Reached XP level 6. HP: 56/57 MP: 5/5
  2726 | D:4      | Found a stormy altar of Qazlal.
  2890 | D:4      | Found a sacrificial altar of Ru.
  2974 | D:4      | Reached XP level 7. HP: 64/66 MP: 6/6
  3415 | D:4      | Became a worshipper of Qazlal Stormbringer
  3431 | D:5      | Entered Level 5 of the Dungeon
  3474 | D:5      | Slain by an ogre

Illustrated notes

Levels and vault maps discovered:
D:1:      spicycebolla_arrival_transporter_tutorial, layout_basic
D:2:      layout_loops_corners, dreamdust_ecumenical_altar_angels_and_demons,
          hangedman_decor_points, small_statue_intersection, uniq_terence
D:3:      minmay_goblin_kobold_castle, layout_loops_corners, serial_aquarium,
          aquarium_bridge_straight [aquarium_subvault_bridge,
          aquarium_subvault_balcony, aquarium_subvault_bridge,
          aquarium_subvault_balcony], aquarium_bridge_long_separate
          [aquarium_subvault_bridge, aquarium_subvault_bridge,
          aquarium_subvault_wall, aquarium_subvault_wall,
          aquarium_subvault_bridge, aquarium_subvault_bridge],
          aquarium_window_corridor_1, aquarium_window_1, aquarium_window_1,
          aquarium_view_2e, aquarium_view_2d, aquarium_pool_2, minmay_between
D:4:      layout_basic, nicolae_ru_the_path_less_chosen,
          nicolae_qazlal_scattered_showers
D:5:      layout_rooms, marbit_many_paths, grunt_temple_overflow_open,
          uniq_sigmund

Skill      XL: |  1  2  3  4  5  6  7 |
---------------+----------------------+-----
Fighting       | 1 2 3 |  3.0
Dodging        | 2 3 |  3.3
Long Blades    | 1 2 |  2.2
Unarmed Combat | 4 |  4.6
Shapeshifting  | 4 |  4.4

Action                     |  1- 3 |  4- 6 |  7- 9 || total
---------------------------+-------+-------+-------++-------
  Melee: Unarmed           |    57 |       |       ||    57
         Punch             |     2 |       |       ||     2
         Long sword        |    18 |   156 |    15 ||   189
 Armour: Animal skin       |    40 |   169 |    21 ||   230
  Dodge: Dodged            |    26 |    98 |     9 ||   133

Table legend: (Time is in decaauts)
 A = Elapsed time spent in this place.
 B = Non-inter-level travel time spent in this place.
 C = Inter-level travel time spent in this place.
 D = Time resting spent in this place.
 E = Time spent auto-exploring this place.
 F = Levels seen in this place.
 G = Mean time per level.
                   A        B        C        D        E       F      G
               +--------+--------+--------+--------+--------+-----+--------+
         Total |   3532 |   3401 |    131 |      0 |   2715 |   5 |  706.4 |
       Dungeon |   3532 |   3401 |    131 |      0 |   2715 |   5 |  706.4 |
               +--------+--------+--------+--------+--------+-----+--------+

Top non-repeatable levels by time:
     D:3: 1308 daAuts
     D:2: 915 daAuts
     D:4: 763 daAuts
     D:1: 500 daAuts
     D:5: 45 daAuts
